Map: Magannatha LE

Players

Tatar - Winner!

  • Race: Terran Terran
  • League: Master
  • Spawn Location: 5:00

ManlyManMeat

  • Race: Zerg Zerg
  • League: Platinum
  • Spawn Location: 11:00

VOD

Have the link to the VOD?

Description

Time

  • Played on: June 20, 2025, 4:13 p.m.
  • Length: 8:50
Show
View Real Time Build Order
Export as new Build Order

Tatar Terran - Winner!

Build Orders:  

Get SALT Encoding   

  12  0:00  SCV  
  13  0:14  Supply Depot  
  13  0:17  SCV  
  14  0:29  SCV  
  15  0:38  Barracks  
  15  0:42  SCV  
  16  0:46  Refinery  
  16  0:54  SCV  
  17  1:06  SCV  
  18  1:18  SCV  
  19  1:25  Marine  
  20  1:30  Orbital Command  
  20  1:42  Command Center  
  20  1:47  Marine  
  21  1:59  Bunker  
  21  2:05  Supply Depot  
  22  2:19  SCV  
  22  2:26  Factory  
  22  2:31  Engineering Bay  
  22  2:45  SCV  
  22  2:51  Refinery  
  23  2:55  Orbital Command  
  23  2:57  Refinery, Marine  
  24  3:02  SCV  
  24  3:04  Refinery  
  25  3:14  Marine  
  25  3:16  Starport  
  26  3:22  Factory Reactor, Starport  
  26  3:30  SCV  
  26  3:31  SCV  
  28  3:43  SCV x2  
  30  3:55  SCV x2  
  32  3:59  Hellion x2  
  32  4:01  Starport Tech Lab x2  
  36  4:04  Fusion Core  
  36  4:07  SCV x2  
  38  4:19  Supply Depot  
  38  4:22  Supply Depot  
  38  4:33  SCV  
  38  4:34  SCV  
  40  4:41  Supply Depot  
  40  4:42  Supply Depot  
  40  4:45  SCV  
  40  4:51  SCV  
  42  4:58  SCV  
  43  5:06  Battlecruiser x2  
  55  5:09  SCV  
  56  5:20  SCV  
  56  5:21  SCV  
  56  5:32  Weapon Refit  
  56  5:37  Starport  
  56  5:39  Armory  
  56  5:42  Supply Depot  
  56  5:44  Supply Depot  
  56  5:49  Engineering Bay  
  56  5:50  SCV x2  
  56  5:56  Hellion  
  60  6:04  SCV  
  60  6:05  SCV  
  60  6:06  Factory  
  62  6:12  Supply Depot  
  62  6:18  Hellion  
  64  6:19  Hellion  
  66  6:29  Battlecruiser  
  66  6:30  SCV  
  70  6:53  Battlecruiser  
  75  7:29  SCV x2  
  77  7:33  Battlecruiser  
  83  7:41  SCV  
  84  7:47  Supply Depot  
  84  7:49  Supply Depot  
  84  7:55  Supply Depot  
  84  7:56  Supply Depot  
  84  8:00  Bunker  
  84  8:14  Factory Tech Lab  
  84  8:15  Hellion  
  84  8:17  Hellion  
  94  8:20  SCV  
  94  8:21  SCV  
  96  8:33  SCV x2  
Show
View Real Time Build Order
Export as new Build Order

ManlyManMeat Zerg 

Build Orders: Hatch First 

Get SALT Encoding   

  12  0:00  Drone  
  13  0:13  Overlord  
  13  0:19  Drone  
  14  0:32  Drone x2  
  16  0:36  Drone  
  17  0:51  Hatchery  
  17  0:54  Drone  
  17  1:02  Drone  
  18  1:09  Extractor  
  17  1:16  Spawning Pool  
  17  1:17  Drone  
  17  1:21  Drone  
  18  1:28  Drone  
  19  1:40  Overlord  
  19  1:57  Drone  
  20  2:06  Zergling x2  
  20  2:07  Zergling x2, Queen  
  20  2:08  Queen  
  26  2:15  Drone  
  26  2:16  Drone  
  28  2:31  Drone x2  
  30  2:39  Drone x2  
  32  2:46  Overlord  
  32  2:47  Overlord  
  32  2:52  Metabolic Boost  
  32  2:58  Hatchery  
  31  3:08  Drone x3  
  31  3:09  Drone  
  35  3:25  Drone x3  
  35  3:26  Drone  
  39  3:32  Overlord x2  
  39  3:33  Drone x2  
  41  3:53  Drone x5  
  41  3:54  Drone  
  47  4:00  Drone x2  
  47  4:01  Baneling Nest, Extractor  
  47  4:04  Queen  
  49  4:22  Queen  
  49  4:23  Drone x2  
  49  4:24  Drone x2, Overlord  
  55  4:25  Overlord  
  55  4:35  Lair  
  56  4:38  Drone x2  
  56  4:39  Drone, Evolution Chamber  
  56  4:40  Evolution Chamber  
  56  4:51  Zergling x14  
  62  5:06  Zergling x12  
  67  5:10  Drone  
  68  5:16  Queen  
  68  5:17  Queen  
  68  5:18  Overlord x2  
  68  5:19  Overlord  
  71  5:33  Centrifugal Hooks  
  71  5:35  Zerg Melee Weapons Level 1, Zerg Ground Armor Level 1  
  71  5:37  Drone x4  
  71  5:39  Spore Crawler  
  71  5:40  Overseer  
  74  5:46  Zergling x2  
  74  5:47  Zergling x20  
  85  6:09  Drone x4  
  89  6:23  Hatchery, Spire  
  84  6:26  Baneling  
  84  6:29  Extractor  
  84  6:30  Extractor  
  65  6:51  Spore Crawler x3  
  65  6:53  Spore Crawler  
  49  7:25  Baneling x5  
  32  7:52  Zergling x36  
  32  7:55  Drone x2  
  52  8:07  Drone x3  
  54  8:18  Baneling x3  
  54  8:19  Baneling x3  
  54  8:25  Extractor  
  53  8:31  Drone x3, Extractor  
  53  8:32  Extractor  
  53  8:33  Drone x2  
  53  8:34  Drone  
Tags
 
Matchup
TvZ
Replay Pack
Myownreplay2
Spawn Locations
Cross Positions
Add a new tag
Caveats
  • Supply blocks, unpowered buildings, or Contaminate may cause inaccurate times.
  • Supply counts are checked every 10 seconds.